AoeStats
← HawkingsWager

Arabia

508600612Analyzed
1v1 RM · 8d ago on Sep 23, 2026· 29m 58s· 2 players
Game mode
Random Map
Map size
Tiny (2 player)
Population
200
Speed
Normal
Resources
Standard
Victory
Conquest
Starting age
Dark Age
Ending age
Imperial Age
RankedLock teamsTeams togetherTeam positionsShared explorationLock speedFull tech treeHidden civsTurbo modeCheats
Victory
Defeat
🇺🇸 Franks · United States
1019
+16
🇦🇺 Japanese · Australia
1012
-16
Aussie_baker
11:08 Feudal Age
12:43 Horse Collar
12:50 Double-Bit Axe
20:44 Castle Age
19:20 Forging
19:45 Fletching
21:23 Wheelbarrow
21:38 Bodkin Arrow
21:07 Crossbowman
23:37 Pikeman
HawkingsWager
11:36 Feudal Age
9:52 Loom
11:40 Feudal Age
17:28 Double-Bit Axe
20:09 Castle Age
19:35 Gold Mining
21:05 Husbandry
21:24 Forging
21:20 Scale Barding Armor
23:40 Chain Barding Armor
28:34 Iron Casting
Connection lost

Rejoining the realm…

Still unreachable

The connection could not be restored.

Session expired

The server has moved on; the page needs a fresh start.